 Dungeon Crawl Stone Soup version 0.31-a0-983-g7b6862f502 (webtiles) character file.

Game seed: 1240577558464767872

318 miscthings the Magician (level 6, -1/40 HPs)
             Began as a Djinni Conjurer on Nov 3, 2023.
             Slain by a goblin
             ... wielding a +0 dagger
             ... led by Robin
              (5 damage)
             ... on level 3 of the Dungeon.
             The game lasted 00:03:40 (1561 turns).

miscthings the Magician (Djinni Conjurer)           Turns: 1561, Time: 00:03:41

Health: -1/40      AC:  2    Str:  6    XL:     6   Next: 74%
Gold:   83         EV: 12    Int: 21    God:
                   SH:  0    Dex: 12

rFire   + + .        o - staff of conjuration
rCold   x . .        (no shield)
rNeg    . . .        a - +0 robe
rPois   ∞            (no helmet)
rElec   .            (no cloak)
rCorr   .            (no gloves)
SInv    .            (boots unavailable)
Will    .....        (no amulet)
Stlth   ++           (no ring)
HPRegen 0.26/turn    (no ring)
MPRegen 0.00/turn

%: infuse magic (-2 HP)
@: flying
A: sickness immunity, fire resistance 2, cold vulnerability 1, float, innate
caster, HP casting, extra vitality 1
a: no special abilities


You were on level 3 of the Dungeon.
You visited 1 branch of the dungeon, and saw 3 of its levels.

You collected 83 gold pieces.

Inventory:

Armour
 a - a +0 robe (worn)
Magical Staves
 o - a staff of conjuration (weapon)
Wands
 j - a wand of charming (7)
Scrolls
 b - a scroll of poison {unknown}
 d - a scroll of noise {unknown}
 e - a scroll of teleportation {unknown}
 f - a scroll of silence {unknown}
 g - 2 scrolls of identify {unknown}
 i - a scroll of blinking {unknown}
 k - a scroll of vulnerability {unknown}
 l - a scroll of enchant weapon {unknown}
 m - a scroll of enchant armour {unknown}
 q - a scroll of amnesia {unknown}
Potions
 c - 2 potions of haste {unknown}
 h - a potion of mutation {unknown}
 n - 2 potions of curing {unknown}
 p - a potion of enlightenment {unknown}
 r - a potion of magic {unknown}


   Skills:
 - Level 2.1 Dodging
 - Level 1.5 Stealth
 + Level 5.8 Spellcasting
 + Level 5.8 Conjurations
 + Level 5.8 Hexes
   Level 0.0 Charms
 + Level 5.8 Summonings
 + Level 5.8 Necromancy
 + Level 5.8 Translocations
 + Level 5.8 Transmutations
 + Level 5.8 Fire Magic
 + Level 5.8 Ice Magic
 + Level 5.8 Air Magic
 + Level 5.8 Earth Magic
 + Level 5.8 Poison Magic


You knew the following spells:

 Your Spells              Type           Power      Damage    Failure   Level
a - Searing Ray           Conj           92%        2d7       1%          2
b - Magic Dart            Conj           100%       1d8       1%          1
c - Dazzling Flash        Conj/Hex       92%        N/A       2%          3
d - Fulminant Prism       Conj/Hex       23%        3d12      9%          4
e - Iskenderun's Mystic   Conj/Tloc      46%        2d10      9%          4
f - Slow                  Hex            100%       N/A       1%          1
g - Lesser Beckoning      Tloc           60%        N/A       1%          2
Your spell library was empty.

Dungeon Overview and Level Annotations

Branches:
Dungeon (3/15)

Altars:

Shops:
D:1 =

Annotations:
D:3 Robin


Innate Abilities, Weirdness & Mutations

You are immune to sickness and miasma.
You are immune to poison.
Your flesh is very heat resistant. (rF++)
You are vulnerable to cold. (rC-)
You float through the air rather than walking.
You learn spells naturally, not from books.
Your magical power is your life essence.
You have superior vitality. (+4 MHP)


Message History

The goblins go into a battle-frenzy!
The goblin attacks as it pursues you! The goblin hits you with a +0 club.
The goblin barely misses you. The goblin attacks as it pursues you!
The goblin closely misses you. The goblin attacks as it pursues you!
The goblin hits you with a +0 dagger of venom.
Casting: Searing Ray (safe; 1% risk of failure)
Confirm with . or Enter, or press ? or * to list all spells.
Aiming: Searing Ray (safe; 1% risk of failure)
Press: ? - help, Shift-Dir - straight line, f - goblin, p - goblin
Aim: a goblin, wielding a +0 club (strong, 77% to hit)
You feel a surge of power!
The searing ray misses the goblin.
The searing ray hits the goblin.
The goblin is heavily wounded.
The searing ray hits the goblin!
You kill the goblin!
The searing ray hits the hobgoblin.
You kill the hobgoblin! (Press . to maintain the ray.)
The goblin hits you with a +0 club.
* * * LOW HITPOINT WARNING * * *
The goblin attacks as it pursues you! The goblin hits you with a +0 club.
* * * LOW HITPOINT WARNING * * *
Casting: Searing Ray (safe; 1% risk of failure)
Confirm with . or Enter, or press ? or * to list all spells.
Aiming: Searing Ray (safe; 1% risk of failure)
Press: ? - help, Shift-Dir - straight line, f/p - goblin
Aim: a goblin, wielding a +0 club (strong, 77% to hit)
You feel a surge of power!
The searing ray hits the goblin!
You kill the goblin!
The searing ray misses the goblin. (Press . to maintain the ray.)
* * * LOW HITPOINT WARNING * * *
The searing ray misses the goblin.
* * * LOW HITPOINT WARNING * * *
The searing ray hits the goblin!
You kill the goblin!
* * * LOW HITPOINT WARNING * * *
The goblin hits you with a +0 dagger.
You die...

#g.#.#.########## #
#.†#.#..........#
####.#.)#.##########.#
.....#..#.# #.#
..........# #.#
######..#.# #.# #..###
#.# #..)g# #.#
##.#@######## #.#
#.#........# #.#
#.#.######.# #.#
#.########.###.#
#..............# ..
#..#######.##### ..
#..#..........### ##.
..#.#####.#....# ##..
#.#....##.####.##


You could see a goblin (strong).

Vanquished Creatures
  Grinder (D:3)
  Jessica (D:2)
  3 adders (D:2)
  3 worms
  3 ball pythons
  8 endoplasms
  A giant cockroach (D:1)
  7 goblins
  5 hobgoblins
  4 kobolds
  A quokka (D:1)
  10 bats
  3 frilled lizards (D:1)
  3 rats
53 creatures vanquished.

Vanquished Creatures (others)
  A fulminant prism (D:3)
1 creature vanquished.

Grand Total: 54 creatures vanquished

Notes
Turn   | Place    | Note
-------+----------+-------------------------------------------
     0 | D:1      | miscthings the Djinni Conjurer began the quest for the Orb.
     0 | D:1      | miscthings set off with the following spells memorised:
                  | Magic Dart, Searing Ray, Dazzling Flash, Fulminant Prism,
                  | Iskenderun's Mystic Blast.
     0 | D:1      | Reached XP level 1. HP: 15/15 MP: 0/0
    53 | D:1      | Reached XP level 2. HP: 3/21 MP: 0/0
   343 | D:1      | Reached XP level 3. HP: 21/25 MP: 0/0
   343 | D:1      | Learned a level 1 spell: Slow
   429 | D:1      | Found Qinneuc's Jewellery Boutique.
   745 | D:2      | Noticed Jessica
   747 | D:2      | Killed Jessica
   748 | D:2      | Reached XP level 4. HP: 26/31 MP: 0/0
   815 | D:2      | Found a faded altar of an unknown god.
   908 | D:2      | Reached XP level 5. HP: 18/35 MP: 0/0
   908 | D:2      | Learned a level 2 spell: Lesser Beckoning
  1426 | D:3      | Noticed Grinder
  1434 | D:3      | Paralysed by Grinder for 3 turns
  1444 | D:3      | Paralysed by Grinder for 2 turns
  1447 | D:3      | Killed Grinder
  1448 | D:3      | Reached skill level 5 in Spellcasting
  1448 | D:3      | Reached skill level 5 in Conjurations
  1448 | D:3      | Reached skill level 5 in Hexes
  1448 | D:3      | Reached skill level 5 in Summonings
  1448 | D:3      | Reached skill level 5 in Necromancy
  1448 | D:3      | Reached skill level 5 in Translocations
  1448 | D:3      | Reached skill level 5 in Transmutations
  1448 | D:3      | Reached skill level 5 in Fire Magic
  1448 | D:3      | Reached skill level 5 in Ice Magic
  1448 | D:3      | Reached skill level 5 in Air Magic
  1448 | D:3      | Reached skill level 5 in Earth Magic
  1448 | D:3      | Reached skill level 5 in Poison Magic
  1448 | D:3      | Reached XP level 6. HP: 5/40 MP: 0/0
  1542 | D:3      | Noticed Robin
  1561 | D:3      | Slain by a goblin

Illustrated notes

Levels and vault maps discovered:
D:1:      minmay_arrival_four_circles, layout_basic, serial_shops,
          nicolae_shop_real_fake_doors
D:2:      layout_basic, shapermc_ecumenical_altar_acropolis,
          minmay_misc_feat_roman, minmay_quantized, uniq_jessica
D:3:      layout_basic, uniq_grinder, uniq_robin

Skill      XL: |  1  2  3  4  5 |
---------------+----------------+-----
Spellcasting   | 4 5 |  5.8
Conjurations   | 4 5 |  5.8
Hexes          | 4 5 |  5.8
Summonings     | 4 5 |  5.8
Necromancy     | 4 5 |  5.8
Translocations | 4 5 |  5.8
Transmutations | 4 5 |  5.8
Fire Magic     | 4 5 |  5.8
Ice Magic      | 4 5 |  5.8
Air Magic      | 4 5 |  5.8
Earth Magic    | 4 5 |  5.8
Poison Magic   | 4 5 |  5.8
Dodging        | |  2.1
Stealth        | |  1.5

Action                     |  1- 3 |  4- 6 || total
---------------------------+-------+-------++-------
   Cast: Magic Dart        |    42 |     5 ||    47
         Searing Ray       |    11 |    22 ||    33
         Fulminant Prism   |       |     1 ||     1
         Dazzling Flash    |       |     1 ||     1
 Armour: Robe              |     1 |    12 ||    13
  Dodge: Dodged            |     1 |     8 ||     9

Table legend: (Time is in decaauts)
 A = Elapsed time spent in this place.
 B = Non-inter-level travel time spent in this place.
 C = Inter-level travel time spent in this place.
 D = Time resting spent in this place.
 E = Time spent auto-exploring this place.
 F = Levels seen in this place.
 G = Mean time per level.
                   A        B        C        D        E       F      G
               +--------+--------+--------+--------+--------+-----+--------+
         Total |   1560 |   1512 |     48 |    125 |   1130 |   3 |  520.0 |
       Dungeon |   1560 |   1512 |     48 |    125 |   1130 |   3 |  520.0 |
               +--------+--------+--------+--------+--------+-----+--------+

Top non-repeatable levels by time:
     D:1: 682 daAuts
     D:2: 615 daAuts
     D:3: 262 daAuts
